[ AOE2 MATCH · #507050165 ]
UnrankedBohemians vs Teutons
Player's team · WIN
Rival team · LOSS
[ REPLAY ANALYSIS · EXTRACTED FROM THE RECORDED GAME ]
Feudal
8:53
Castle
20:08
Imperial
—
| APM avg | 61.5 |
| APM peak | 104 |
| eAPM avg | 21.0 |
| Villagers / military | 47 / 36 |
Focus
⚔️ 47.2% · 🌾 52.8%
Archer ×26 · Militia ×4 · Mangonel ×3 · Battering Ram ×2 · Spearman ×1
Feudal
9:00
Castle
24:20
Imperial
—
| APM avg | 44.8 |
| APM peak | 90 |
| eAPM avg | 23.1 |
| Villagers / military | 47 / 38 |
Focus
⚔️ 31.2% · 🌾 68.8%
Skirmisher ×31 · Scout Cavalry ×4 · Militia ×2 · Spearman ×1
Match map
Initial resources + every placement click. Lines = walls · curves = elevation contours. ◆ gold · ⬟ stone · ● berries · ✦ relic · ◌ wall gap
Your base· Open — unwalled flank
RD | Telematico's base· Open — 3t gap
Smoothed initial terrain · ◌ = detected wall gap · hover for details
Inputs per minute
— RD | El_Zapatero22 - - RD | Telematico
Build order — RD | El_Zapatero22
125 actions detected in the replay
| 0:00 | Create | Villager (Male) ×4 |
| 0:01 | Build | House |
| 0:02 | Build | House |
| 1:26 | Create | Villager (Male) |
| 1:53 | Create | Villager (Male) |
| 1:54 | Build | Lumber Camp |
| 2:22 | Create | Villager (Male) |
| 2:52 | Create | Villager (Male) |
| 2:57 | Create | Villager (Male) |
| 3:03 | Build | House |
| 3:42 | Create | Villager (Male) |
| 3:58 | Create | Villager (Male) |
| 4:26 | Create | Villager (Male) |
| 4:39 | Create | Villager (Male) |
| 4:49 | Create | Villager (Male) |
| 5:27 | Create | Villager (Male) |
| 5:31 | Build | Barracks |
| 5:34 | Create | Villager (Male) |
| 5:49 | Build | House |
| 5:58 | Create | Villager (Male) |
| 6:10 | Research | Loom |
| 6:43 | Research | Feudal Age |
| 6:56 | Create | Militia |
| 6:57 | Create | Militia |
| 7:12 | Build | Mining Camp |
| 7:24 | Create | Militia |
| 7:41 | Create | Militia |
| 8:53 | Age | Feudal Age |
| 8:56 | Research | Man-at-Arms (upgrade) |
| 8:56 | Create | Villager (Male) |
| 8:59 | Build | Archery Range |
| 9:01 | Build | House |
| 9:19 | Create | Villager (Male) |
| 9:22 | Build | Blacksmith |
| 9:43 | Create | Villager (Male) |
| 9:48 | Build | Mill |
| 9:59 | Create | Archer |
| 9:59 | Create | Archer |
| 10:09 | Create | Villager (Male) |
| 10:33 | Create | Villager (Male) |
| 10:44 | Create | Spearman |
| 10:49 | Create | Villager (Male) |
| 10:56 | Build | House |
| 11:13 | Create | Villager (Male) |
| 11:27 | Create | Archer |
| 11:41 | Build | Archery Range |
| 11:48 | Create | Villager (Male) |
| 12:04 | Create | Villager (Male) |
| 12:13 | Create | Archer |
| 12:25 | Build | House |
| 12:27 | Research | Fletching |
| 12:49 | Create | Archer |
| 13:00 | Create | Villager (Male) |
| 13:08 | Build | Farm |
| 13:27 | Create | Villager (Male) |
| 13:34 | Build | Farm |
| 13:35 | Build | Farm |
| 13:35 | Create | Archer |
| 13:53 | Create | Archer |
| 13:54 | Create | Villager (Male) |
| 14:05 | Build | Farm |
| 14:33 | Create | Villager (Male) |
| 14:51 | Create | Villager (Male) |
| 14:52 | Build | House |
| 14:54 | Create | Archer |
| 14:57 | Create | Archer |
| 15:05 | Build | Farm |
| 15:11 | Build | Farm |
| 15:13 | Build | Farm |
| 15:33 | Build | Market |
| 15:34 | Create | Villager (Male) |
| 15:53 | Create | Villager (Male) |
| 16:01 | Build | Farm |
| 16:11 | Build | House |
| 16:37 | Create | Villager (Male) |
| 16:58 | Create | Villager (Male) |
| 17:28 | Research | Castle Age |
| 17:40 | Create | Archer |
| 17:50 | Research | Horse Collar |
| 18:07 | Research | Double-Bit Axe |
| 18:08 | Create | Archer |
| 18:09 | Create | Archer |
| 18:45 | Create | Archer |
| 18:48 | Build | House |
| 18:51 | Create | Archer |
| 19:19 | Create | Archer |
| 19:20 | Create | Archer |
| 20:02 | Create | Archer |
| 20:05 | Create | Villager (Male) |
| 20:08 | Age | Castle Age |
| 20:10 | Build | Siege Workshop |
| 20:13 | Research | Bodkin Arrow |
| 20:14 | Research | Crossbowman (upgrade) |
| 20:26 | Create | Villager (Male) |
| 20:41 | Create | Villager (Male) |
| 20:43 | Create | Battering Ram |
| 21:00 | Build | House |
| 21:06 | Build | Lumber Camp |
| 21:17 | Build | University |
| 21:35 | Create | Battering Ram |
| 21:42 | Build | House |
| 21:51 | Create | Villager (Male) |
| 22:27 | Research | Ballistics |
| 22:29 | Create | Villager (Male) |
| 22:45 | Create | Villager (Male) |
| 23:08 | Build | House |
| 23:42 | Research | Chemistry |
| 23:43 | Create | Archer |
| 23:56 | Create | Mangonel |
| 24:16 | Create | Villager (Male) |
| 24:26 | Create | Archer |
| 24:26 | Create | Archer |
| 24:55 | Create | Villager (Male) |
| 24:57 | Create | Archer |
| 24:58 | Create | Archer |
| 24:58 | Create | Archer |
| 25:00 | Create | Mangonel |
| 25:16 | Create | Villager (Male) |
| 25:37 | Create | Villager (Male) |
| 25:39 | Create | Mangonel |
| 25:40 | Create | Archer |
| 25:47 | Create | Villager (Male) |
| 26:19 | Create | Villager (Male) |
| 26:21 | Create | Archer |
| 26:21 | Create | Archer |
Build order — RD | Telematico
First 150 of 161 actions detected
| 0:00 | Create | Villager (Male) |
| 0:01 | Create | Villager (Male) |
| 0:01 | Create | Villager (Male) |
| 0:01 | Create | Villager (Male) |
| 0:01 | Create | Villager (Male) |
| 0:02 | Build | House |
| 0:03 | Build | House |
| 1:28 | Create | Villager (Male) |
| 1:54 | Create | Villager (Male) |
| 2:21 | Create | Villager (Male) |
| 2:40 | Create | Villager (Male) |
| 3:01 | Build | Lumber Camp |
| 3:03 | Create | Villager (Male) |
| 3:18 | Build | House |
| 3:25 | Build | Palisade Wall |
| 3:26 | Build | House |
| 3:28 | Build | Palisade Wall |
| 3:46 | Create | Villager (Male) |
| 3:46 | Create | Villager (Male) |
| 3:46 | Create | Villager (Male) |
| 3:47 | Create | Villager (Male) |
| 4:39 | Create | Villager (Male) |
| 4:39 | Create | Villager (Male) |
| 4:51 | Create | Villager (Male) |
| 4:52 | Create | Villager (Male) |
| 4:52 | Create | Villager (Male) |
| 5:16 | Build | Mill |
| 5:56 | Build | House |
| 6:14 | Research | Loom |
| 6:50 | Research | Feudal Age |
| 7:27 | Build | Barracks |
| 8:10 | Create | Militia |
| 8:10 | Create | Militia |
| 8:21 | Build | Farm |
| 8:43 | Build | Palisade Wall |
| 8:48 | Build | House |
| 8:51 | Create | Villager (Male) |
| 8:55 | Build | Palisade Wall |
| 8:59 | Build | Palisade Wall |
| 9:00 | Age | Feudal Age |
| 9:09 | Create | Villager (Male) |
| 9:24 | Research | Man-at-Arms (upgrade) |
| 9:43 | Build | Archery Range |
| 9:48 | Build | Stable |
| 9:53 | Build | Farm |
| 9:54 | Create | Villager (Male) |
| 10:21 | Build | Farm |
| 10:22 | Build | Farm |
| 10:25 | Build | Farm |
| 10:34 | Create | Scout Cavalry |
| 10:38 | Build | Farm |
| 10:54 | Create | Villager (Male) |
| 10:55 | Create | Villager (Male) |
| 10:59 | Create | Spearman |
| 11:20 | Create | Villager (Male) |
| 11:38 | Create | Villager (Male) |
| 11:51 | Build | House |
| 12:08 | Build | Farm |
| 12:09 | Build | Farm |
| 12:13 | Create | Villager (Male) |
| 12:13 | Create | Villager (Male) |
| 12:19 | Build | House |
| 12:35 | Create | Scout Cavalry |
| 12:36 | Create | Scout Cavalry |
| 13:00 | Create | Villager (Male) |
| 13:03 | Build | Lumber Camp |
| 13:05 | Build | Archery Range |
| 13:13 | Create | Scout Cavalry |
| 13:56 | Create | Villager (Male) |
| 14:03 | Build | Palisade Wall |
| 14:05 | Build | Palisade Wall |
| 14:16 | Build | Watch Tower |
| 14:18 | Build | House |
| 14:20 | Create | Skirmisher |
| 14:20 | Create | Skirmisher |
| 14:20 | Create | Skirmisher |
| 14:20 | Create | Skirmisher |
| 14:22 | Create | Villager (Male) |
| 15:05 | Create | Villager (Male) |
| 15:05 | Create | Villager (Male) |
| 15:16 | Build | House |
| 15:34 | Create | Villager (Male) |
| 16:01 | Build | Farm |
| 16:10 | Build | Farm |
| 16:11 | Build | Farm |
| 16:12 | Create | Villager (Male) |
| 16:17 | Create | Skirmisher |
| 16:17 | Create | Skirmisher |
| 16:30 | Build | Palisade Wall |
| 16:45 | Create | Villager (Male) |
| 16:45 | Create | Villager (Male) |
| 16:47 | Create | Skirmisher |
| 16:47 | Create | Skirmisher |
| 17:08 | Research | Double-Bit Axe |
| 17:08 | Research | Double-Bit Axe |
| 17:13 | Build | Farm |
| 17:25 | Build | Farm |
| 17:33 | Create | Skirmisher |
| 17:33 | Create | Skirmisher |
| 17:39 | Create | Villager (Male) |
| 17:46 | Create | Villager (Male) |
| 18:06 | Build | Farm |
| 18:27 | Build | Blacksmith |
| 18:30 | Create | Villager (Male) |
| 18:30 | Create | Villager (Male) |
| 18:33 | Create | Skirmisher |
| 18:59 | Build | House |
| 19:00 | Build | Palisade Wall |
| 19:06 | Build | House |
| 19:14 | Create | Villager (Male) |
| 19:16 | Build | Mining Camp |
| 19:18 | Create | Villager (Male) |
| 19:52 | Create | Skirmisher |
| 19:53 | Create | Skirmisher |
| 19:56 | Research | Padded Archer Armor |
| 19:56 | Research | Padded Archer Armor |
| 19:56 | Create | Villager (Male) |
| 20:20 | Create | Villager (Male) |
| 20:31 | Build | Market |
| 20:45 | Create | Skirmisher |
| 20:47 | Build | Farm |
| 21:08 | Build | House |
| 21:14 | Build | Farm |
| 21:14 | Build | Farm |
| 21:30 | Build | Archery Range |
| 21:40 | Research | Castle Age |
| 21:40 | Research | Castle Age |
| 21:44 | Build | House |
| 21:56 | Create | Skirmisher |
| 21:57 | Create | Skirmisher |
| 21:57 | Create | Skirmisher |
| 22:15 | Research | Fletching |
| 22:15 | Research | Fletching |
| 22:37 | Build | House |
| 22:38 | Build | House |
| 22:38 | Build | House |
| 22:41 | Build | House |
| 22:45 | Create | Skirmisher |
| 22:45 | Create | Skirmisher |
| 22:45 | Create | Skirmisher |
| 23:05 | Build | Archery Range |
| 23:20 | Build | House |
| 23:26 | Build | House |
| 23:39 | Create | Villager (Male) |
| 24:16 | Create | Skirmisher |
| 24:17 | Create | Skirmisher |
| 24:20 | Age | Castle Age |
| 24:23 | Research | Elite Skirmisher (upgrade) |
| 24:23 | Research | Elite Skirmisher (upgrade) |
| 24:30 | Research | Leather Archer Armor |
Match timeline
| 3:25 | RD | Telematico · wall_segment Palisade Wall x2 |
| 3:28 | RD | Telematico · wall_segment Palisade Wall x1 |
| 5:31 | RD | El_Zapatero22 · first_building Barracks |
| 7:27 | RD | Telematico · first_building Barracks |
| 8:43 | RD | Telematico · wall_segment Palisade Wall x1 |
| 8:53 | RD | El_Zapatero22 · age_up feudal |
| 8:55 | RD | Telematico · wall_segment Palisade Wall x3 |
| 8:59 | RD | Telematico · wall_segment Palisade Wall x1 |
| 8:59 | RD | El_Zapatero22 · first_building Archery Range |
| 9:00 | RD | Telematico · age_up feudal |
| 9:43 | RD | Telematico · first_building Archery Range |
| 9:48 | RD | Telematico · first_building Stable |
| 14:03 | RD | Telematico · wall_segment Palisade Wall x6 |
| 14:05 | RD | Telematico · wall_segment Palisade Wall x5 |
| 16:15 | RD | El_Zapatero22 · first_market_buy 500 food |
| 16:16 | RD | El_Zapatero22 · first_market_sell 500 stone |
| 16:30 | RD | Telematico · wall_segment Palisade Wall x1 |
| 19:00 | RD | Telematico · wall_segment Palisade Wall x1 |
| 20:08 | RD | El_Zapatero22 · age_up castle |
| 20:10 | RD | El_Zapatero22 · first_building Siege Workshop |
| 21:33 | RD | Telematico · first_market_buy 100 food |
| 24:20 | RD | Telematico · age_up castle |
| 26:28 | RD | Telematico · resign |
[ AI ANALYSIS · 1 CREDIT ]
What really happened in this match?
Wolo.gg analyzes every decision: build order, eco, micro, common mistakes by bracket. Personalized analysis on WhatsApp or Discord in 30 seconds.
Civ guide
Bohemians
Perfil
Jugador #17795993